AoeStats
← whywhylai222

Arena

510063107Analyzed
4v4 RM · 4d ago on Sep 29, 2026· 41m 4s· 8 players
Game mode
Random Map
Map size
Large (8 player)
Population
200
Speed
Normal
Resources
Standard
Victory
Conquest
Starting age
Dark Age
Ending age
Imperial Age
RankedLock teamsTeams togetherTeam positionsShared explorationLock speedFull tech treeHidden civsTurbo modeCheats
Victory
Defeat
🇸🇪 Britons · Sweden
1529
+15
🇧🇪 Hindustanis · Belgium
1490
+16
🇨🇳 Cumans · China
1448
+18
🇨🇳 Chinese · China
1424
+19
🇦🇺 Persians · Australia
1570
-20
🇦🇺 Muisca · Australia
1520
-18
🇭🇰 Britons · Hong Kong SAR China
1445
-15
🇹🇼 Khmer · Taiwan
1444
-15
JanVerplanken
10:57 Feudal Age
14:33 Castle Age
12:37 Horse Collar
13:59 Double-Bit Axe
18:38 Light Cavalry
20:00 Forging
21:08 Wheelbarrow
22:20 Gold Mining
22:46 Bow Saw
24:04 Hand Cart
24:26 Stone Mining
28:05 Imperial Age
26:38 Heavy Plow
26:54 Loom
28:33 Padded Archer Armor
29:46 Chemistry
30:35 Leather Archer Armor
30:35 Shatagni
31:22 Gold Shaft Mining
32:18 Ring Archer Armor
36:30 Scale Barding Armor
37:00 Iron Casting
36:57 Squires
36:33 Hussar
38:38 Chain Barding Armor
40:42 Plate Barding Armor
42:10 Blast Furnace
xGusZx24
9:35 Feudal Age
14:09 Castle Age
12:36 Loom
13:17 Double-Bit Axe
18:48 Fletching
20:56 Town Watch
21:39 Bodkin Arrow
29:34 Bow Saw
29:21 Horse Collar
29:46 Padded Archer Armor
30:29 Gold Mining
32:21 Ballistics
33:57 Leather Archer Armor
35:40 Wheelbarrow
35:30 Scale Mail Armor
35:40 Forging
41:39 Imperial Age
38:34 Pikeman
39:00 Gambesons
41:44 Yeomen
逸丶然
8:47 Feudal Age
9:48 Double-Bit Axe
9:44 Horse Collar
16:06 Wheelbarrow
19:58 Castle Age
18:55 Gold Mining
20:43 Bloodlines
20:39 Scale Barding Armor
20:45 Forging
21:16 Bow Saw
22:05 Chain Barding Armor
22:20 Heavy Plow
21:52 Capped Ram
22:53 Capped Ram
24:55 Hand Cart
31:53 Imperial Age
29:09 Loom
29:14 Town Watch
29:17 Loom
30:09 Stone Mining
30:55 Gold Shaft Mining
31:58 Iron Casting
31:46 Light Cavalry
32:18 Cavalier
33:38 Onager
33:52 Paladin
35:09 Plate Barding Armor
35:34 Blast Furnace
36:46 Two-Man Saw
37:30 Conscription
37:09 Siege Ram
李雾月
0:27 Loom
10:40 Feudal Age
14:41 Castle Age
12:32 Double-Bit Axe
12:44 Horse Collar
16:13 Bow Saw
19:52 Fervor
20:49 Wheelbarrow
22:37 Hand Cart
22:55 Heavy Plow
23:09 Gold Mining
23:42 Stone Mining
24:20 Devotion
25:48 Fletching
28:42 Imperial Age
26:49 Gold Shaft Mining
26:51 Stone Shaft Mining
27:15 Fortified Wall
27:20 Bodkin Arrow
27:25 Padded Archer Armor
28:00 Sanctity
29:33 Ballistics
29:01 Town Watch
29:49 Conscription
29:43 Thumb Ring
30:35 Squires
29:57 Elite Fire Lancer
30:39 Scale Mail Armor
30:40 Bracer
30:56 Leather Archer Armor
30:44 Scale Mail Armor
30:29 Elite Chu Ko Nu
31:51 Coinage
33:01 Ring Archer Armor
33:05 Banking
32:15 Capped Ram
35:07 Chemistry
34:04 Murder Holes
34:19 Masonry
33:56 Arrowslits
34:22 Forging
34:27 Chain Mail Armor
35:45 Two-Man Saw
34:57 Siege Ram
36:20 Great Wall
36:55 Plate Mail Armor
37:00 Iron Casting
36:28 Caravan
36:51 Bombard Tower
38:42 Elite Skirmisher
39:47 Town Patrol
b09581270
9:35 Feudal Age
12:43 Castle Age
11:05 Double-Bit Axe
11:35 Horse Collar
14:28 Wheelbarrow
17:12 Loom
19:14 Gold Mining
21:50 Hand Cart
21:54 Stone Mining
27:08 Imperial Age
25:53 Gold Shaft Mining
25:41 Scale Mail Armor
25:52 Forging
25:24 Pikeman
26:47 Chain Mail Armor
27:16 Halberdier
29:09 Iron Casting
29:05 Conscription
29:19 Fletching
29:29 Padded Archer Armor
30:43 Stone Shaft Mining
30:11 Padded Archer Armor
31:22 Ballistics
32:04 Blast Furnace
31:57 Scale Barding Armor
31:54 Arson
33:22 Chemistry
32:27 Town Watch
34:04 Bloodlines
34:23 Elite Ballista Elephant
35:45 Leather Archer Armor
35:26 Bodkin Arrow
37:28 Double Crossbow
38:15 Chain Barding Armor
39:07 Husbandry
38:36 Light Cavalry
40:17 Plate Barding Armor
eimer6174
10:18 Feudal Age
13:56 Castle Age
11:55 Double-Bit Axe
12:17 Horse Collar
15:14 Bow Saw
15:56 Loom
29:09 Imperial Age
27:33 Gold Mining
28:27 Wheelbarrow
27:38 Town Watch
28:55 Heavy Plow
29:16 Hand Cart
30:26 Fletching
30:38 Scale Mail Armor
32:02 Conscription
31:36 Pikeman
32:17 Squires
32:02 Arson
32:33 Chain Mail Armor
32:28 Forging
33:34 Two-Man Saw
32:58 Squires
32:44 Gambesons
32:58 Capped Ram
33:39 Padded Archer Armor
34:11 Plate Mail Armor
33:22 Halberdier
35:38 Ballistics
36:42 Chemistry
36:34 Heavy Scorpion
Uncle Iroh
10:32 Feudal Age
14:37 Castle Age
12:37 Double-Bit Axe
12:37 Horse Collar
15:38 Bow Saw
15:46 Heavy Plow
20:41 Wheelbarrow
22:13 Gold Mining
25:41 Hand Cart
28:00 Imperial Age
26:12 Scale Mail Armor
26:23 Forging
27:13 Gold Shaft Mining
26:29 Stone Mining
26:57 Fervor
27:09 Sanctity
27:48 Squires
28:05 Chain Mail Armor
28:25 Iron Casting
28:06 Elite Temple Guard
31:00 Plate Mail Armor
31:57 Padded Archer Armor
31:48 Fletching
32:15 Elite Guecha Warrior
33:16 Conscription
33:29 Ballistics
33:45 Leather Archer Armor
33:25 Bodkin Arrow
34:33 Chemistry
36:36 Bracer
whywhylai222
10:43 Feudal Age
14:24 Castle Age
12:45 Double-Bit Axe
13:15 Horse Collar
15:29 Bow Saw
20:17 Wheelbarrow
20:43 Heavy Plow
22:43 Gold Mining
24:06 Loom
26:05 Fletching
25:49 Pikeman
26:29 Squires
27:30 Scale Mail Armor
27:41 Forging
28:33 Fortified Wall
30:29 Stone Mining
33:44 Imperial Age
31:34 Hand Cart
33:20 Bodkin Arrow
33:26 Padded Archer Armor
35:15 Conscription
35:59 Bracer
36:53 Leather Archer Armor
38:02 Gold Shaft Mining
38:25 Ring Archer Armor
38:33 Yeomen
39:34 Ballistics
40:17 Chemistry
39:40 Ballistics
Connection lost

Rejoining the realm…

Still unreachable

The connection could not be restored.

Session expired

The server has moved on; the page needs a fresh start.